 Dungeon Crawl Stone Soup version 0.19-a0-994-g3c636f0 (webtiles) character file.

2017 4thArraOfDagon the Grappler (level 9, 0/80 HPs)
             Began as a Troll Abyssal Knight on July 16, 2016.
             Was an Elder of Lugonu.
             Slain by an orc
             ... wielding a +0 trident
              (7 damage)
             ... in a bailey.
             The game lasted 00:09:20 (1890 turns).

4thArraOfDagon the Grappler (Troll Abyssal Knight)  Turns: 1890, Time: 00:09:20

Health: 0/80       AC:  5    Str: 21 (24) XL:     9   Next: 3%
Magic:  12/12      EV: 13    Int:  9 (11) God:    Lugonu [****..]
Gold:   235        SH:  0    Dex:  6 (9)  Spells: 0 memorised, 8 levels left

rFire  . . .     SeeInvis .       - Unarmed
rCold  . . .     Gourm    +     a - +0 robe
rNeg   . . .     Faith    .     (no shield)
rPois  .         Spirit   .     (helmet restricted)
rElec  .         Dismiss  .     (no cloak)
rCorr  .         Reflect  .     (gloves unavailable)
SustAt .         Harm     .     (boots unavailable)
MR     .....                    (no amulet)
Stlth  +.........               u - +2 ring of strength
                                g - +4 ring of evasion

@: not resistant to hostile enchantments, very unstealthy
A: unfitting armour, claws 3, fast metabolism 3, gourmand, regeneration 2,
shaggy fur 1, tough skin 2
a: Depart the Abyss, Bend Space, Banish, Corrupt, Renounce Religion


You were in a bailey.
You worshipped Lugonu.
Lugonu was greatly pleased with you.
You were completely stuffed.

You visited 1 branch of the dungeon, and saw 8 of its levels.
You visited the Abyss 1 time.
You also visited: Sewer and Bailey.

You collected 235 gold pieces.

Inventory:

Hand Weapons
 w - a +1 giant spiked club
Armour
 a - a +0 robe (worn)
Jewellery
 g - a +4 ring of evasion (left claw)
 n - an uncursed ring of protection from cold
 u - a +2 ring of strength (right claw)
Scrolls
 c - 6 scrolls of remove curse
 e - a scroll of fear
 i - 2 scrolls of enchant weapon
 m - 2 scrolls of identify
Potions
 h - 2 potions of magic
 j - 4 potions of heal wounds
 o - 4 potions of brilliance {unknown}
 p - 2 potions of flight {unknown}
 q - 2 potions of might
 r - 4 potions of curing
Comestibles
 b - 6 bread rations
 d - 2 meat rations


   Skills:
 - Level 2.4 Fighting
 - Level 2.0 Dodging
 * Level 9.8 Unarmed Combat
 + Level 6.4 Invocations


You had 8 spell levels left.
You didn't know any spells.

Dungeon Overview and Level Annotations

Branches:
Dungeon (8/15)             Temple (0/1) D:5
   Lair: D:8-11

Altars:
Dithmenos
Nemelex Xobeh
Uskayaw
The Shining One

Annotations:
D:8 Gastronok


Innate Abilities, Weirdness & Mutations

You are too large for most types of armour.
You have claws for hands.
Your metabolism is lightning-fast.
You like to eat raw meat.
You heal very quickly.
You are covered in fur. (AC +1)
You have very tough skin. (AC +2)


Message History

The orc hits you from afar with a trident.
The orc hits you from afar with a spear.
* * * LOW HITPOINT WARNING * * *
The orc warrior barely misses you.
Unknown command.
Unknown command.
The orc warrior closely misses you.
There is an open door here.
Unknown command.
Unknown command.
Unknown command.
You fail to use your ability.
The orc hits you with a war axe!
* * * LOW HITPOINT WARNING * * *
The orc closely misses you.
Unknown command.
Unknown command.
You fail to use your ability.
The orc hits you with a war axe!
* * * LOW HITPOINT WARNING * * *
The orc hits you from afar with a trident!
You die...

############ ######
##.∩........## ##.o...##
#............######.o.....#
#.....)......#....#oo.....+
#∩.))).......'..@ooooo....+
#.)))).......#....#oo.....+
#.)))........######.......#
##.∩........## ##.....##
############ ######


You could see 2 orc warriors and 7 orcs.

Vanquished Creatures
  Pikel (D:6)
  Grinder (D:4)
  An ice beast (D:5)
  An orc warrior (Bailey)
  An ogre (D:6)
  2 phantoms
  A centaur (D:6)
  3 big kobolds (Sewer)
  A giant frog (D:8)
  A crimson imp (D:4)
  2 giant frog zombies
  An orc wizard (D:5)
  2 worker ants
  5 river rats
  7 adders
  3 oozes
  4 worms
  A dart slug (D:1)
  21 orcs
  4 giant cockroaches
  A goblin (D:2)
  5 hobgoblins
  18 kobolds
  A quokka (D:3)
  6 ball pythons
  4 giant newts
  A goblin skeleton (D:4)
  A goblin zombie (D:4)
  6 hobgoblin zombies (D:4)
  An orc skeleton (D:4)
  24 rats
131 creatures vanquished.

Notes
Turn   | Place    | Note
-------+----------+-------------------------------------------
     0 | Abyss:1  | 4thArraOfDagon the Troll Abyssal Knight began the quest for the Orb.
     0 | Abyss:1  | Reached XP level 1. HP: 22/22 MP: 1/1
    28 | Abyss:1  | Noticed a raiju
    35 | D:1      | Escaped the Abyss
    98 | D:1      | Reached XP level 2. HP: 29/29 MP: 2/2
   203 | D:2      | Reached * piety under Lugonu
   402 | D:3      | Reached skill level 3 in Unarmed Combat
   402 | D:3      | Reached XP level 3. HP: 33/36 MP: 3/3
   515 | D:4      | Found a glowing golden altar of the Shining One.
   521 | D:4      | Reached XP level 4. HP: 43/44 MP: 4/4
   529 | D:4      | Reached ** piety under Lugonu
   571 | D:5      | Entered Level 5 of the Dungeon
   589 | D:4      | Found a glowing drain.
   596 | D:4      | Reached skill level 4 in Unarmed Combat
   630 | D:4      | Noticed Grinder
   636 | Sewer    | Entered a sewer
   768 | Sewer    | Reached XP level 5. HP: 47/50 MP: 6/6
   801 | Sewer    | Reached *** piety under Lugonu
   844 | Sewer    | Reached skill level 5 in Unarmed Combat
   939 | Sewer    | Reached XP level 6. HP: 59/59 MP: 7/7
  1106 | D:4      | Paralysed by Grinder for 3 turns
  1117 | D:4      | Killed Grinder
  1117 | D:4      | Reached skill level 6 in Unarmed Combat
  1117 | D:4      | Reached XP level 7. HP: 39/66 MP: 9/9
  1183 | D:4      | Reached **** piety under Lugonu
  1215 | D:3      | Found a shadowy altar of Dithmenos.
  1215 | D:3      | Found a sparkling altar of Nemelex Xobeh.
  1218 | D:3      | Found a hide-covered altar of Uskayaw.
  1231 | D:5      | Found a staircase to the Ecumenical Temple.
  1267 | D:5      | Reached skill level 7 in Unarmed Combat
  1459 | D:6      | Found a shadowy altar of Dithmenos.
  1459 | D:6      | Noticed an oklob plant
  1480 | D:7      | Noticed Pikel
  1505 | D:6      | Killed Pikel
  1505 | D:6      | Reached skill level 8 in Unarmed Combat
  1505 | D:6      | Reached skill level 5 in Invocations
  1505 | D:6      | Reached XP level 8. HP: 37/74 MP: 9/11
  1523 | D:6      | Banished an oklob plant
  1534 | D:6      | Reached skill level 9 in Unarmed Combat
  1769 | D:8      | Noticed Gastronok
  1795 | D:8      | Found a flagged portal.
  1800 | Bailey   | Entered a bailey
  1825 | Bailey   | Reached XP level 9. HP: 28/80 MP: 12/12
  1890 | Bailey   | Slain by an orc

Vault maps used:
D:1:      dpeg_arrival_boxes_within_box, cheibriados_altar_1
D:2:      serial_glass, glass_columns_b, glass_columns_c, glass_columns_c,
          glass_columns_b, glass_columns_a, glass_columns_a, glass_columns_a,
          glass_columns_b, first_bread, minmay_crystal_room
D:3:      kennysheep_ying_yang, nicolae_overflow_hidden_temple,
          grunt_temple_overflow_diamond
D:4:      lemuel_round_altar, portal_sewer_entry_a,
          nicolae_tso_besieged_by_evil, uniq_grinder
D:5:      kennysheep_little_box, tgw_sif
D:6:      lemuel_doored_altar, lemuel_oklob_altar, uniq_sigmund
D:7:      uniq_pikel
D:8:      cheibrodos_ashenzari_chains, enter_bailey_3, uniq_prince_ribbit1,
          uniq_gastronok
Sewer:    sewer_minmay_treatment
Bailey:   bailey_polearm_5, bailey

Skill      XL: |  1  2  3  4  5  6  7  8 |
---------------+-------------------------+-----
Dodging        | 2 |  2.0
Invocations    | 2 3 4 5 6 |  6.4
Unarmed Combat | 3 4 5 6 8 9 |  9.8
Fighting       | |  2.4

Action                   |  1- 3 |  4- 6 |  7- 9 || total
-------------------------+-------+-------+-------++-------
Melee: Unarmed           |    89 |   208 |   132 ||   429
       Punch             |     1 |     5 |     3 ||     9
Invok: Depart the Abyss  |     1 |       |       ||     1
       Banish            |       |       |     1 ||     1
  Use: Potion            |       |       |     6 ||     6
       Scroll            |       |       |     8 ||     8
 Stab: Sleeping          |       |       |     1 ||     1
  Eat: Chunk             |     7 |     5 |     9 ||    21
       Pizza             |       |       |     1 ||     1
       Beef jerky        |       |       |     1 ||     1
Armor: Robe              |    21 |    50 |    15 ||    86
Dodge: Dodged            |    58 |   181 |   134 ||   373
